 Dungeon Sprint DCSS version 0.31-a0-43-g46d131a48f (webtiles) character file.

Game seed: 6321239028747363574

5614 sircluck the Brawler (level 10, -19/101 HPs)
             Began as a Troll Berserker on May 18, 2023.
             Was a High Priest of Trog.
             Demolished by a skeletal warrior
             ... wielding a +0 heavy war axe
              (23 damage)
             ... in the Dungeon (Sprint II: "The Violet Keep of Menkaure").
             The game lasted 00:02:38 (458 turns).

sircluck the Brawler (Troll Berserker)               Turns: 458, Time: 00:02:38

Health: -19/101    AC:  4    Str: 31    XL:     10   Next: 45%
Magic:  9/9        EV: 13    Int:  3    God:    Trog [*****.]
Gold:   1061       SH:  0    Dex:  9    Spells: 9/9 levels left

rFire   x .          .
                       - Unarmed
rCold   x . .        (no shield)
rNeg    . . .        a - +0 animal skin
rPois   .            (helmet restricted)
rElec   .            (no cloak)
rCorr   .            (gloves unavailable)
SInv    .            (boots unavailable)
Will    .....        (no amulet)
Stlth   +            (no ring)
HPRegen 1.16/turn    (no ring)
MPRegen 0.11/turn

%: no teleportation, random rage (3%)
@: on berserk cooldown, slowed, very slow
A: large, unfitting armour, claws 3, regeneration 1, shaggy fur 1, tough skin 1,
berserk 1, frail 1, cold vulnerability 1, heat vulnerability 1
a: Renounce Religion, Berserk, Trog's Hand, Brothers in Arms


You were in the Dungeon.
You worshipped Trog.
Trog was extremely pleased with you.
You visited 1 branch You collected 1061 gold pieces.

Inventory:

Armour
 a - a +0 animal skin (worn)
Potions
 b - a potion of curing
 c - a potion of heal wounds
 d - a potion of haste
 e - 2 potions of magic
 f - a potion of berserk rage


   Skills:
 + Level 11.0 Fighting
 + Level 11.8 Dodging
 + Level 17.2 Unarmed Combat


You had 9 spell levels left.
You didn't know any spells.
Your spell library was empty.

Dungeon Overview and Level Annotations

Branches:
Dungeon (1/1)

Altars:

Shops:
D !:*[=!=!?=[(!:[

Annotations:
D exclusions: ice statue and oklob plant


Innate Abilities, Weirdness & Mutations

You are too large for most types of armour.
You have claws for hands.
Your natural rate of healing is unusually fast.
You are covered in fur. (AC +1)
You have tough skin. (AC +1)
You sometimes lose your temper in combat.
You are frail. (-10% HP)
You are vulnerable to cold. (rC-)
You are vulnerable to heat. (rF-)


Message History

There is an open door, spattered with blood here.
You close the door.
A skeletal warrior opens the door.
You close the door.
A skeletal warrior opens the door.
You close the door.
A skeletal warrior opens the door.
There's a creature in the doorway!
There's a creature in the doorway!
There's a creature in the doorway!
There's a creature in the doorway!
There's a creature in the doorway!
There's a creature in the doorway!
There's a creature in the doorway!
There's a creature in the doorway!
You claw the skeletal warrior!
The skeletal warrior is lightly damaged.
The skeletal warrior closely misses you.
You closely miss the skeletal warrior.
The skeletal warrior is lightly damaged.
You closely miss the skeletal warrior. You claw the skeletal warrior!
The skeletal warrior is moderately damaged.
The skeletal warrior hits you with a +0 heavy war axe!
* * * LOW HITPOINT WARNING * * *
You scratch the skeletal warrior but do no damage.
The skeletal warrior is moderately damaged.
The skeletal warrior hits you with a +0 heavy war axe!!
* * * LOW HITPOINT WARNING * * *
You mangle the skeletal warrior!! You claw the skeletal warrior!
The skeletal warrior is almost destroyed.
The skeletal warrior hits you with a +0 heavy war axe.
* * * LOW HITPOINT WARNING * * *
You barely miss the skeletal warrior.
The skeletal warrior is almost destroyed.
You barely miss the skeletal warrior.
You claw the skeletal warrior, but do no damage.
The skeletal warrior is almost destroyed.
The skeletal warrior hits you with a +0 heavy war axe.
* * * LOW HITPOINT WARNING * * *
You closely miss the skeletal warrior. You claw the skeletal warrior.
The skeletal warrior is almost destroyed.
The skeletal warrior hits you with a +0 heavy war axe!!
You die...

#########~~#+++#+++##
########~~~.........#
.......#~~~~.##+##z.#
∩.....∩#~~~~####.##.####
.∩...∩.#~~~~#..##.#....#
∩.∩.∩.∩#~†####...####..##
.∩.∩.∩.#†##.###'###.##..#
..∩.∩..#)#...##.##÷..#z.#
...⌠...'~)###'.<@z##.'..###
.......#~#...##.##...#..§.###.
▓▓▓▓▓###~##.###'###.##§.....~~
Yl######~~#####.#####~~§....~#


YY#SS ##~~~#..#..#~~~~~~~..~# Pl+S.#+ #'#~##.#.##~~~~~~~~.~#
$.#?##~##.#~~##+##~~§≈≈≈÷~~~~# .$###..~####~~~~~~~~§~≈≈§≈§§§# +###...~
#+++#+++#§≈≈≈§§≈≈~# You could see a skeletal warrior.

Vanquished Creatures
  A yaktaur captain (D)
  2 boulder beetles (D)
  A centaur warrior (D)
  An elephant (D)
  A kobold demonologist (D)
  A flying skull (D)
  4 neqoxecs (D)
  A vampire mosquito (D)
  2 redbacks (D)
  Menkaure (D)
  4 scorpions (D)
  4 necrophages (D)
23 creatures vanquished.

Vanquished Creatures (collateral kills)
  Kirke (D)
1 creature vanquished.

Vanquished Creatures (others)
  A water moccasin (D)
1 creature vanquished.

Grand Total: 25 creatures vanquished

Notes
Turn   | Place    | Note
-------+----------+-------------------------------------------
     0 | D        | sircluck the Troll Berserker began the quest for the Orb.
     0 | D        | Reached XP level 1. HP: 22/22 MP: 0/0
     1 | D        | Noticed a neqoxec
     1 | D        | Noticed a neqoxec
     1 | D        | Noticed a neqoxec
     1 | D        | Noticed a neqoxec
     1 | D        | Lost intelligence.
     4 | D        | Gained mutation: You are vulnerable to cold. (rC-) [a
                  | neqoxec]
     5 | D        | Gained mutation: You sometimes lose your temper in combat.
                  | [a neqoxec]
     6 | D        | Gained mutation: You are frail. (-10% HP) [a neqoxec]
    14 | D        | Killed a neqoxec
    15 | D        | Reached skill level 5 in Fighting
    15 | D        | Reached skill level 5 in Dodging
    15 | D        | Reached skill level 6 in Unarmed Combat
    15 | D        | Reached XP level 2. HP: 15/31 MP: 1/1
    15 | D        | Reached XP level 3. HP: 18/37 MP: 2/2
    15 | D        | Reached XP level 4. HP: 21/45 MP: 3/3
    15 | D        | Gained mutation: You are vulnerable to heat. (rF-) [a
                  | neqoxec]
    16 | D        | Killed a neqoxec
    17 | D        | Reached skill level 8 in Unarmed Combat
    17 | D        | Reached XP level 5. HP: 28/54 MP: 4/4
    17 | D        | Killed a neqoxec
    17 | D        | Reached ** piety under Trog
    18 | D        | Reached skill level 9 in Unarmed Combat
    18 | D        | Reached XP level 6. HP: 34/63 MP: 5/5
    20 | D        | Killed a neqoxec
    21 | D        | Reached XP level 7. HP: 28/70 MP: 6/6
    48 | D        | Noticed a boulder beetle
    48 | D        | Noticed a boulder beetle
   114 | D        | Reached *** piety under Trog
   115 | D        | Reached skill level 10 in Unarmed Combat
   135 | D        | Reached **** piety under Trog
   139 | D        | Reached skill level 11 in Unarmed Combat
   196 | D        | Killed a boulder beetle
   197 | D        | Reached skill level 12 in Unarmed Combat
   197 | D        | Reached XP level 8. HP: 82/82 MP: 7/7
   199 | D        | Killed a boulder beetle
   200 | D        | Reached skill level 10 in Dodging
   200 | D        | Reached skill level 13 in Unarmed Combat
   200 | D        | Reached XP level 9. HP: 79/90 MP: 8/8
   232 | D        | Found Seemats's Distillery.
   232 | D        | Found Poibb's Magic Scroll Boutique.
   232 | D        | Found Eschiuz's Armour Shop.
   232 | D        | Found Lerotiu's Jewellery Boutique.
   232 | D        | Found Ridi's Antique Weapon Boutique.
   232 | D        | Found Rucheehu's Book Boutique.
   233 | D        | Found Xaphach's Antique Armour Shop.
   233 | D        | Found Bumo's Distillery.
   233 | D        | Found Fotroure's Jewellery Shop.
   237 | D        | Found Duaverep's Distillery.
   237 | D        | Found Sohupt's Jewellery Boutique.
   238 | D        | Noticed Menkaure
   242 | D        | Killed Menkaure
   242 | D        | Reached ***** piety under Trog
   275 | D        | Noticed an ice statue
   290 | D        | Reached skill level 14 in Unarmed Combat
   301 | D        | Found Omung's Antique Armour Boutique.
   301 | D        | Found Wull's Assorted Antiques.
   301 | D        | Noticed an oklob plant
   302 | D        | Found Cokagolu's Distillery.
   302 | D        | Found Woefur's Book Shoppe.
   362 | D        | Noticed a centaur warrior
   362 | D        | Noticed Kirke
   362 | D        | Noticed a skeletal warrior
   375 | D        | Killed a centaur warrior
   376 | D        | Reached skill level 10 in Fighting
   387 | D        | Noticed a kobold demonologist
   390 | D        | Killed Kirke
   391 | D        | Reached skill level 15 in Unarmed Combat
   391 | D        | Reached XP level 10. HP: 64/99 MP: 9/9
   395 | D        | Noticed a yaktaur captain
   398 | D        | Killed a yaktaur captain
   399 | D        | Reached skill level 16 in Unarmed Combat
   403 | D        | Noticed an elephant
   404 | D        | Received a gift from Trog
   409 | D        | Killed an elephant
   410 | D        | Reached skill level 17 in Unarmed Combat
   424 | D        | HP: 4/101 [skeletal warrior/+0 heavy war axe (24)]
   457 | D        | HP: 3/101 [skeletal warrior/+0 heavy war axe (6)]
   458 | D        | Demolished by a skeletal warrior

Illustrated notes

Levels and vault maps discovered:
D:        the_violet_keep_of_menkaure [sprint2_stairs_cluster_1,
          sprint2_shoproom, sprint2_temple, sprint2_basic_supplies,
          sprint2_obstacle_2, sprint2_obstacle_5, sprint2_obstacle_1,
          sprint2_obstacle_6, sprint2_obstacle_7, sprint2_timed_cluster_1,
          sprint2_smallroom_cluster_1, sprint2_smallroom_final_cluster_1,
          sprint2_transparent_cluster_1, sprint2_second_timed_cluster_1,
          sprint2_sniper_area_1, sprint2_heavy_combat_area_1,
          sprint2_mutation_trap_area_1, sprint2_forest_area_1,
          sprint2_light_combat_area_1, sprint2_behind_water_1,
          sprint2_near_end_vault_1]

Skill      XL: |  1  2  3  4  5  6  7  8  9 10 |
---------------+-------------------------------+-----
Fighting       | 5 6 7 9 10 11 | 11.0
Dodging        | 5 6 7 9 10 11 | 11.8
Unarmed Combat | 6 8 9 12 13 15 17 | 17.2

Action                     |  1- 3 |  4- 6 |  7- 9 | 10-12 || total
---------------------------+-------+-------+-------+-------++-------
  Melee: Unarmed           |    11 |     6 |    54 |    20 ||    91
         Punch             |       |       |     5 |     7 ||    12
 Invoke: Berserk           |     1 |       |     1 |       ||     2
         Brothers in Arms  |       |       |     1 |       ||     1
    Use: Scroll            |       |       |       |     1 ||     1
 Armour: Animal skin       |     1 |     1 |     5 |     1 ||     8
  Dodge: Dodged            |     3 |       |    21 |     9 ||    33

Table legend: (Time is in decaauts)
 A = Elapsed time spent in this place.
 B = Non-inter-level travel time spent in this place.
 C = Inter-level travel time spent in this place.
 D = Time resting spent in this place.
 E = Time spent auto-exploring this place.
 F = Levels seen in this place.
 G = Mean time per level.
                   A        B        C        D        E       F      G
               +--------+--------+--------+--------+--------+-----+--------+
         Total |    476 |    471 |      5 |    126 |     29 |   1 |  476.0 |
       Dungeon |    476 |    471 |      5 |    126 |     29 |   1 |  476.0 |
               +--------+--------+--------+--------+--------+-----+--------+

Top non-repeatable levels by time:
       D: 476 daAuts
